[Event "Titled Tuesday Blitz May 4 2021"]
[White "Eswaran, Ashritha"]
[Black "Laxman, R.R."]
[WhiteFideId "2080788"]
[BlackFideId "5005361"]
[WhiteElo "2391"]
[BlackElo "2476"]
[Result "0-1"]
[Round "01"]
[TimeControl "180+1"]
[Date "2021.05.04"]
[WhiteClock "0:00:38"]
[BlackClock "0:02:01"]

1. e4 e5 2. Nf3 Nc6 3. Bc4 Bc5 4. d3 Nf6 5. O-O a6 6. a4 O-O 7. c3 d5 8. exd5 Nxd5 9. Re1 Bg4 10. h3 Bxf3 11. Qxf3 Nb6 12. Bb3 Bd6 13. Bc2 a5 14. Na3 f5 15. Nb5 Kh8 16. Nxd6 cxd6 17. Be3 d5 18. Bxb6 Qxb6 19. Qxd5 Qxb2 20. Qb3 Qxb3 21. Bxb3 Rad8 22. Rad1 Rf6 23. Bc4 Rfd6 24. Bb5 e4 25. d4 Ne7 26. f3 Nd5 27. fxe4 Nxc3 28. e5 Rd5 29. e6 Nxb5 30. axb5 Kg8 31. e7 Re8 32. Re6 Rxb5 33. d5 Kf7 34. Re5 g6 35. Rde1 Rb6 36. Ra1 Ra6 37. d6 Rxd6 38. Raxa5 Rxe7 39. Rxe7+ Kxe7 40. Ra7 Rd7 41. Kf2 b5 42. Ra6 Rb7 43. Ra3 b4 44. Rb3 Kd6 45. Ke3 Kc5 46. Kd3 Rd7+ 47. Kc2 Kc4 0-1


[Site "https://www.chess.com"]

[Event "Titled Tuesday Blitz May 4 2021"]
[White "Eynullayev, Atilla"]
[Black "Krzyzanowski, Marcin"]
[WhiteFideId "13413570"]
[BlackFideId "1132199"]
[WhiteElo "1997"]
[BlackElo "2420"]
[Result "0-1"]
[Round "01"]
[TimeControl "180+1"]
[Date "2021.05.04"]
[WhiteClock "0:00:15"]
[BlackClock "0:00:58"]

1. e4 g6 2. d4 Bg7 3. Nc3 c6 4. Be3 d5 5. f3 Qb6 6. Rb1 Nf6 7. e5 Nfd7 8. f4 Nf8 9. Nf3 Bg4 10. h3 Bxf3 11. Qxf3 Ne6 12. Qf2 Nd7 13. g4 c5 14. dxc5 Qa5 15. b4 Qd8 16. Bg2 O-O 17. Bxd5 a5 18. a3 axb4 19. axb4 Ra3 20. Qd2 Nxe5 21. fxe5 Bxe5 22. Rb3 Bxc3 23. Rxc3 Rxc3 24. Bxe6 Rxe3+ 25. Qxe3 fxe6 26. Qxe6+ Kg7 27. Qe5+ Kg8 28. c4 Qd3 29. Qd5+ Qxd5 30. cxd5 Rf4 31. Kd2 Rxb4 32. Kc3 Rb5 33. Kc4 Rb2 34. Rf1 Kg7 35. d6 exd6 36. cxd6 Rd2 37. Kc5 Rc2+ 38. Kd5 Rd2+ 39. Ke6 Re2+ 40. Kd7 b5 41. Kc7 Rc2+ 42. Kd8 b4 43. d7 b3 44. Re1 b2 45. Ke8 Rc1 46. Re7+ Kh6 47. d8=Q b1=N 48. Qd2+ Nxd2 49. h4 Nf3 50. Rf7 Re1+ 51. Kf8 Nxh4 0-1


[Site "https://www.chess.com"]

[Event "Titled Tuesday Blitz May 4 2021"]
[White "Fanha, Paulo"]
[Black "Zeltsan, Joseph"]
[WhiteFideId "1902148"]
[BlackFideId "30932980"]
[WhiteElo "1851"]
[BlackElo "2195"]
[Result "0-1"]
[Round "01"]
[TimeControl "180+1"]
[Date "2021.05.04"]
[WhiteClock "0:00:01"]
[BlackClock "0:01:23"]

1. e4 c5 2. Nf3 d6 3. Bb5+ Nd7 4. O-O a6 5. Bxd7+ Bxd7 6. c3 Nf6 7. Re1 e6 8. d4 cxd4 9. cxd4 d5 10. e5 Ne4 11. Nbd2 Bc6 12. Nxe4 dxe4 13. Ng5 Bb4 14. Re2 Qd5 15. Nxe4 Bb5 16. Re3 Rd8 17. a3 Be7 18. Nc3 Qxd4 19. Qxd4 Rxd4 20. Re1 Bc6 21. Be3 Rg4 22. g3 h5 23. h3 Rc4 24. Rad1 O-O 25. Ne2 Bf3 26. Rd2 Rfc8 27. Nd4 Bd5 28. Rde2 b5 29. f4 Bc5 30. Nb3 Bxe3+ 31. Rxe3 h4 32. gxh4 Rxf4 33. Nd2 Rc2 34. R1e2 Rxh4 35. Kh2 Rxb2 36. Nf1 Rxe2+ 37. Rxe2 Ra4 38. Re3 Re4 39. Rxe4 Bxe4 40. Nd2 Bd5 41. Kg3 f6 42. exf6 gxf6 43. Kf4 Kf7 44. Nf1 Kg6 45. Ne3 Bb3 0-1


[Site "https://www.chess.com"]

[Event "Titled Tuesday Blitz May 4 2021"]
[White "Ferro, Mario"]
[Black "Palchuk, Andrii"]
[WhiteFideId "810290"]
[BlackFideId "14176688"]
[WhiteElo "2255"]
[BlackElo "2184"]
[Result "0-1"]
[Round "01"]
[TimeControl "180+1"]
[Date "2021.05.04"]
[WhiteClock "0:00:01"]
[BlackClock "0:00:14"]

1. d4 d5 2. Nf3 Nf6 3. g3 Bf5 4. Bg2 e6 5. O-O Be7 6. b3 O-O 7. Bb2 Nbd7 8. Nbd2 a5 9. a4 c6 10. h3 h6 11. Ne5 Nxe5 12. dxe5 Nd7 13. e4 Bh7 14. c4 dxe4 15. Nxe4 Bxe4 16. Bxe4 Nc5 17. Bc2 Qxd1 18. Raxd1 Rfd8 19. Bc3 Rxd1 20. Rxd1 Kf8 21. f4 b6 22. Kf2 Na6 23. Be4 Rc8 24. Rd7 Nc5 25. Rd4 Nxb3 26. Rd1 Nc5 27. Bc2 Rd8 28. Bd4 g6 29. Kf3 Nd7 30. Be4 Rc8 31. Rb1 Bd8 32. Ke3 Ke7 33. g4 c5 34. Bc3 Bc7 35. Bc6 Rd8 36. Ke4 Nb8 37. Bb5 Nd7 38. Bc6 Nf8 39. h4 Nh7 40. g5 h5 41. Bxa5 bxa5 42. Rb7 Rc8 43. Bb5 Kd8 44. Ra7 Rb8 45. Ra6 Nf8 46. Rc6 Nd7 47. Ra6 Nb6 48. Ra7 Nc8 49. Ra6 Bb6 0-1


[Site "https://www.chess.com"]

[Event "Titled Tuesday Blitz May 4 2021"]
[White "Fier, Alexandr"]
[Black "Shtyka, Sergey"]
[WhiteFideId "2107139"]
[BlackFideId "4138465"]
[WhiteElo "2569"]
[BlackElo "2102"]
[Result "1-0"]
[Round "01"]
[TimeControl "180+1"]
[Date "2021.05.04"]
[WhiteClock "0:00:31"]
[BlackClock "0:00:03"]

1. d4 c5 2. e4 cxd4 3. Nf3 d6 4. Nxd4 Nf6 5. Nc3 g6 6. Be3 Bg7 7. f3 O-O 8. Qd2 Nc6 9. O-O-O d5 10. Nxc6 bxc6 11. Bh6 Bxh6 12. Qxh6 Qb6 13. e5 Nd7 14. h4 Rd8 15. e6 Nf8 16. exf7+ Kxf7 17. h5 Rb8 18. hxg6+ hxg6 19. b3 Ba6 20. Qf4+ Kg8 21. Bxa6 Qxa6 22. Qe5 Qa3+ 23. Kb1 Qd6 24. Qh8+ Kf7 25. Rde1 e6 26. Ne2 d4 27. Nc1 Rb5 28. Nd3 Rf5 29. g4 Ra5 30. f4 Qa3 31. Rh7+ Nxh7 32. Qxh7+ Kf8 33. Qh8+ Ke7 34. Qg7+ Kd6 35. Nc1 c5 36. f5 gxf5 37. gxf5 Kc6 38. Rxe6+ Rd6 39. Qg2+ Kc7 40. Qg7+ Rd7 41. Qe5+ Kb7 42. Qe4+ Kc7 43. Qc6+ Kd8 44. Rg6 d3 45. Rg8+ Ke7 46. Qe6# 1-0


[Site "https://www.chess.com"]

[Event "Titled Tuesday Blitz May 4 2021"]
[White "Gabdushev, Ruslan"]
[Black "Markidis, Konstantinos"]
[WhiteFideId "4137833"]
[BlackFideId "4203500"]
[WhiteElo "2312"]
[BlackElo "2304"]
[Result "1/2-1/2"]
[Round "01"]
[TimeControl "180+1"]
[Date "2021.05.04"]
[WhiteClock "0:00:05"]
[BlackClock "0:00:05"]

1. b3 c5 2. Bb2 Nc6 3. e3 Nf6 4. f4 g6 5. Nf3 Bg7 6. Bb5 O-O 7. O-O d6 8. Bxc6 bxc6 9. d3 Re8 10. Qe1 e5 11. fxe5 Ng4 12. Nbd2 dxe5 13. h3 Nh6 14. e4 f5 15. Nc4 Ba6 16. Ncxe5 Qc7 17. exf5 Nxf5 18. Qc3 Nd4 19. Qxc5 Nxf3+ 20. Nxf3 Bxb2 21. Rae1 Bg7 22. Kh1 Qd7 23. Ng5 Qd5 24. Rxe8+ Rxe8 25. Qxa7 Bc8 26. Ne4 Bf5 27. Ng3 Be6 28. Qc7 Bxh3 29. Rg1 Be6 30. Qf4 Be5 31. Qh4 Bxg3 32. Qxg3 Qh5+ 33. Qh2 Qxh2+ 34. Kxh2 Bd5 35. c4 Bf7 36. Kg3 Re2 37. Ra1 Rd2 38. Kf4 Rxd3 39. g4 Kg7 40. Re1 Rd2 41. a4 Rd3 42. Rb1 Kf6 43. g5+ Ke7 44. a5 Rd2 45. Ra1 Rd7 46. Re1+ Kd6 47. Rd1+ Kc7 48. Rxd7+ Kxd7 49. Ke5 Kc7 50. Kf6 Be8 51. Ke7 Bd7 52. b4 Bf5 53. c5 Kb7 54. Kd6 Be4 55. Ke5 Bd5 56. Kf6 Ka6 57. Kg7 Kb5 58. Kxh7 Be4 59. Kg7 Ka6 60. Kf6 Kb7 61. Ke5 Bf5 62. Kd6 Be4 63. Ke5 Bf3 64. Kf6 Be4 65. Ke5 1/2-1/2


[Site "https://www.chess.com"]

[Event "Titled Tuesday Blitz May 4 2021"]
[White "Gaboyan, Susanna"]
[Black "Pile, Richard"]
[WhiteFideId "13303627"]
[BlackFideId "624110"]
[WhiteElo "2135"]
[BlackElo "2376"]
[Result "0-1"]
[Round "01"]
[TimeControl "180+1"]
[Date "2021.05.04"]
[WhiteClock "0:00:03"]
[BlackClock "0:00:16"]

1. Nf3 Nf6 2. d3 d5 3. g3 Bf5 4. Bg2 e6 5. O-O h6 6. Nbd2 Be7 7. Qe1 Bh7 8. e4 O-O 9. Qe2 c5 10. Ne5 Nbd7 11. f4 Rc8 12. Nxd7 Qxd7 13. e5 Ne8 14. g4 f6 15. f5 fxe5 16. Qxe5 Nc7 17. fxe6 Rxf1+ 18. Nxf1 Qd8 19. Bf4 Bf6 20. Qd6 Ne8 21. Qxd5 Bxb2 22. Rb1 Bd4+ 23. Kh1 Nf6 24. Qxb7 Nxg4 25. Qf7+ Kh8 26. Bg3 Bg8 27. Qf5 Nf6 28. Rb7 Qe8 29. e7 c4 30. Qf4 cxd3 31. cxd3 Bc5 32. Qe5 Ng4 33. Qe2 Nf6 34. Bh4 Bd6 35. Bxf6 gxf6 36. Qe3 Qg6 37. Rd7 Bc5 38. Rd8 Bxe3 39. e8=Q Qxe8 40. Rxe8 Rxe8 0-1


[Site "https://www.chess.com"]

[Event "Titled Tuesday Blitz May 4 2021"]
[White "Gabriel, Robert"]
[Black "Ward-Tsh"]
[WhiteFideId "4606477"]
[WhiteElo "2203"]
[BlackElo "2514"]
[Result "0-1"]
[Round "01"]
[TimeControl "180+1"]
[Date "2021.05.04"]
[WhiteClock "0:00:03"]
[BlackClock "0:00:24"]

1. d4 d5 2. c4 c6 3. Nf3 Nf6 4. e3 e6 5. Nbd2 Nbd7 6. Bd3 c5 7. O-O Bd6 8. b3 cxd4 9. exd4 O-O 10. c5 Bc7 11. Bb2 a5 12. a3 Re8 13. Re1 Nf8 14. b4 Ng6 15. g3 Bd7 16. b5 a4 17. Qe2 Ba5 18. Rac1 Qc7 19. c6 bxc6 20. bxc6 Bxc6 21. Ne5 Nxe5 22. dxe5 Nd7 23. Rc2 Qb6 24. Rec1 Bb7 25. Bb5 Ba6 26. Bxa6 Qxa6 27. Qxa6 Rxa6 28. Nf3 h6 29. Bd4 Raa8 30. h4 Rab8 31. h5 Rb3 32. Rc8 Rxc8 33. Rxc8+ Kh7 34. Kg2 Rxa3 35. g4 f6 36. Nh4 g5 37. hxg6+ Kg7 38. Re8 Nxe5 39. Re7+ Kg8 40. Bxe5 fxe5 41. g7 Bd8 42. Rd7 Bxh4 0-1


[Site "https://www.chess.com"]

[Event "Titled Tuesday Blitz May 4 2021"]
[White "Gabrielian, Artur"]
[Black "Daniel, Damian"]
[WhiteFideId "4131002"]
[BlackFideId "1183621"]
[WhiteElo "2539"]
[BlackElo "2055"]
[Result "1-0"]
[Round "01"]
[TimeControl "180+1"]
[Date "2021.05.04"]
[WhiteClock "0:00:18"]
[BlackClock "0:00:09"]

1. e4 Nf6 2. e5 Nd5 3. d4 Nb6 4. Nf3 d5 5. Bd3 Bg4 6. h3 Bxf3 7. Qxf3 e6 8. Nd2 c5 9. c3 Nc6 10. dxc5 Nd7 11. Qg3 Ndxe5 12. Bb5 Ng6 13. Nb3 Be7 14. O-O O-O 15. Re1 Rc8 16. Be3 Na5 17. Bd3 Nxb3 18. axb3 a6 19. b4 Bf6 20. b5 axb5 21. Bxb5 Ra8 22. Qd6 Ne7 23. Qxd8 Rfxd8 24. Bf4 d4 25. cxd4 Bxd4 26. Rxa8 Rxa8 27. Bd6 Nf5 28. b4 Ra2 29. Be2 Bc3 30. Bc4 Rb2 31. Ra1 h5 32. Ra8+ Kh7 33. Bd3 h4 34. g4 hxg3 35. fxg3 g6 36. Bxf5 Bd4+ 37. Kf1 gxf5 38. Rb8 Rxb4 39. c6 Rb1+ 40. Ke2 Rb2+ 41. Kd3 bxc6 42. Kxd4 Rxb8 43. Bxb8 Kg6 44. Bf4 f6 45. Kc5 e5 46. Be3 f4 47. gxf4 exf4 48. Bxf4 Kh5 49. Bg3 f5 50. Kxc6 f4 51. Bf2 f3 52. Kd5 Kg5 53. Ke4 Kh5 54. Kxf3 Kg5 55. Kg3 Kh5 56. Be3 Kg6 57. Kg4 1-0


[Site "https://www.chess.com"]

[Event "Titled Tuesday Blitz May 4 2021"]
[White "Gahan, M G"]
[Black "Novikova, Galina"]
[WhiteFideId "5027373"]
[BlackFideId "4157095"]
[WhiteElo "2264"]
[BlackElo "1966"]
[Result "1-0"]
[Round "01"]
[TimeControl "180+1"]
[Date "2021.05.04"]
[WhiteClock "0:00:46"]
[BlackClock "0:00:02"]

1. e4 e6 2. b3 d5 3. Bb2 dxe4 4. Nc3 Nf6 5. g4 h6 6. Bg2 Nc6 7. Nxe4 Be7 8. Qe2 Nd4 9. Qd3 e5 10. Nxf6+ Bxf6 11. h3 O-O 12. O-O-O a5 13. Ne2 e4 14. Bxe4 Nxe2+ 15. Qxe2 Bxb2+ 16. Kxb2 a4 17. d4 axb3 18. axb3 Qd6 19. Ra1 Rxa1 20. Rxa1 Qxd4+ 21. c3 Qb6 22. Ra8 Be6 23. Rxf8+ Kxf8 24. Bc2 Qc5 25. f4 Bd5 26. Qe5 Qc6 27. c4 Bg2 28. h4 Bf3 29. g5 hxg5 30. hxg5 Bh5 31. Qd4 Qd6 32. Qxd6+ cxd6 33. Kc3 Ke7 34. Kd4 Bf3 35. b4 b6 36. Be4 Be2 37. Bd5 f6 38. Kc3 fxg5 39. fxg5 Bg4 40. Kb3 Bd7 41. Kc3 Bf5 42. Kd4 Bd7 43. Ke3 Bf5 44. Kf4 Bd3 45. Kg4 Bg6 46. Kh4 Kd7 47. Bf3 Ke7 48. Bh5 Bd3 49. Bf3 Bxc4 50. Kh5 Bd3 51. Kg4 Ke6 52. Kf4 Bc4 53. Bh5 Bd3 54. Ke3 Bf5 55. Kd4 Bh3 56. Bg6 Bg2 57. Bh7 Bb7 58. Kc4 Bc6 59. Kd4 Be8 60. Ke4 Bc6+ 61. Kf4 Bb5 62. Bg8+ Ke7 63. Ke4 Bc6+ 64. Kf5 d5 65. Ke5 1-0


[Site "https://www.chess.com"]

[Event "Titled Tuesday Blitz May 4 2021"]
[White "Garcia Blanco, Omar"]
[Black "Indjic, Aleksandar"]
[WhiteFideId "2287153"]
[BlackFideId "911925"]
[WhiteElo "2273"]
[BlackElo "2591"]
[Result "1/2-1/2"]
[Round "01"]
[TimeControl "180+1"]
[Date "2021.05.04"]
[WhiteClock "0:00:06"]
[BlackClock "0:00:08"]

1. e4 e6 2. d4 d5 3. Nc3 Bb4 4. e5 c5 5. Bd2 Bxc3 6. Bxc3 b6 7. Nf3 Ba6 8. Bxa6 Nxa6 9. O-O Ne7 10. Qe2 Nc7 11. b3 O-O 12. Bb2 Nc6 13. Rfd1 Qe7 14. c4 Rfd8 15. dxc5 bxc5 16. cxd5 exd5 17. Rac1 Ne6 18. g3 Qb7 19. h4 h6 20. Ba3 Nb4 21. Qd2 a5 22. Nh2 d4 23. Bxb4 axb4 24. Ng4 Qe4 25. Nh2 Qxe5 26. Rc4 Ra7 27. Re1 Qd5 28. Ng4 Qf5 29. Ne5 Rda8 30. Rc2 Ra6 31. Nd3 f6 32. Qe2 Kf7 33. Nxc5 Nxc5 34. Qe7+ Kg8 35. Rxc5 Qg6 36. Qd7 d3 37. Rc7 d2 38. Re7 d1=R+ 39. Qxd1 Re8 40. Rxg7+ Qxg7 41. Rxg7+ Kxg7 42. Qd7+ Kf8 43. Qh7 Rxa2 44. Qxh6+ Kf7 45. Qh5+ Kf8 46. Qc5+ Kf7 47. Qxb4 Ree2 48. Qc4+ Kg7 49. Qc5 Rec2 50. Qe7+ Kg6 51. Qe3 Rab2 52. b4 Re2 53. Qf4 Re1+ 54. Kg2 Rbb1 55. h5+ Kxh5 56. Qf5+ Kh6 57. Qxf6+ Kh7 58. Qf7+ Kh8 59. Qf6+ Kh7 60. Qf5+ Kh8 61. b5 Rg1+ 62. Kf3 Rb3+ 63. Kg4 Rgb1 64. f4 Rxb5 65. Qf6+ Kh7 66. Qe7+ Kg8 67. Qe6+ Kh8 68. f5 R1b3 69. Qh6+ Kg8 70. Qg6+ Kf8 71. f6 Rb7 72. Qh6+ Kf7 73. Qg7+ Ke6 74. Qg6 R3b4+ 75. Kh3 Rf7 76. g4 Rxf6 77. Qe8+ Kd5 78. Qd8+ Rd6 79. Qg5+ Kc6 80. Qc1+ Kb6 81. Qg1+ Ka6 82. Qf1+ Ka5 83. Qa1+ Kb6 84. Qe5 Rc6 85. Qe3+ Kb5 86. Qd3+ Rbc4 87. Qb3+ Kc5 88. Qe3+ Kd6 89. Qg3+ Kd7 90. Qf2 Rc3+ 91. Kh4 R3c5 92. Qd4+ Kc7 93. Qg7+ Kb6 94. Qb2+ Ka7 95. Qa2+ Kb7 96. Qf7+ Kc8 97. g5 Rc7 98. Qf8+ Kb7 99. Qf3+ R7c6 100. Qb3+ Rb6 101. Qf7+ Ka6 102. Qf1+ Kb7 103. Kh5 Rcc6 104. Qf7+ Ka6 105. Qa2+ Kb7 106. Qg2 Ka7 107. Qd5 Kb8 108. Qd8+ Ka7 109. Qd7+ Ka6 110. Qd3+ Ka7 111. Qa3+ Kb8 112. Qe7 Ka8 113. Qd7 Kb8 114. Qe7 Ka8 115. Qd8+ Ka7 116. Qd7+ Ka8 117. Qd5 Kb8 118. Qe5+ Ka8 119. Qe4 Kb8 120. Qd5 Ka7 121. Qa5+ Kb8 122. Qf5 Ka7 123. Qf7+ Kb8 124. g6 Rxg6 125. Qe8+ Ka7 126. Qf7+ Kb8 127. Qf8+ Ka7 128. Qf7+ Kb8 1/2-1/2


[Site "https://www.chess.com"]

[Event "Titled Tuesday Blitz May 4 2021"]
[White "Garcia Fuentes, Sergio Miguel"]
[Black "Shahade, Gregory"]
[WhiteFideId "7300549"]
[BlackFideId "2009064"]
[WhiteElo "2167"]
[BlackElo "2650"]
[Result "0-1"]
[Round "01"]
[TimeControl "180+1"]
[Date "2021.05.04"]
[WhiteClock "0:00:09"]
[BlackClock "0:00:14"]

1. Nf3 Nf6 2. g3 g6 3. Bg2 Bg7 4. O-O O-O 5. d4 d5 6. c4 dxc4 7. Ne5 Nc6 8. Nxc6 bxc6 9. e3 Rb8 10. Na3 c5 11. Nxc4 cxd4 12. exd4 Bg4 13. f3 Be6 14. b3 Nd5 15. Bb2 Qc8 16. Re1 Qa6 17. Bf1 Qb7 18. Rc1 Qa6 19. a3 Rfd8 20. b4 Qc8 21. Na5 Rb6 22. Bc4 Qd7 23. Nb3 Qd6 24. Nc5 Bc8 25. Ba1 h5 26. Qb3 c6 27. Kg2 h4 28. Re2 h3+ 29. Kg1 Qf6 30. Rce1 e6 31. Ne4 Qe7 32. Nc3 a5 33. Nxd5 cxd5 34. Bxd5 axb4 35. a4 Qd6 36. Bc4 Bxd4+ 37. Bxd4 Qxd4+ 38. Kh1 Bb7 39. a5 Rbd6 40. a6 Bxa6 41. Bxa6 Rxa6 42. Re4 Qd2 43. R4e2 Qxe2 44. Rxe2 Ra1+ 0-1


[Site "https://www.chess.com"]

[Event "Titled Tuesday Blitz May 4 2021"]
[White "Garcia, Gabriel Gonzaga"]
[Black "Yilmaz, Mustafa"]
[WhiteFideId "2138956"]
[BlackFideId "6302718"]
[WhiteElo "2240"]
[BlackElo "2518"]
[Result "0-1"]
[Round "01"]
[TimeControl "180+1"]
[Date "2021.05.04"]
[WhiteClock "0:00:16"]
[BlackClock "0:00:18"]

1. e4 c5 2. Nf3 Nc6 3. d4 cxd4 4. Nxd4 e6 5. Nc3 Qc7 6. Be2 a6 7. O-O Nf6 8. Be3 Be7 9. f4 d6 10. Bf3 O-O 11. Nb3 b5 12. g4 b4 13. Na4 Rb8 14. a3 a5 15. axb4 axb4 16. g5 Nd7 17. h4 Ba6 18. Rf2 Bb5 19. Nd4 Nxd4 20. Bxd4 e5 21. Be3 exf4 22. Bxf4 Ne5 23. b3 Rfd8 24. Kg2 Rbc8 25. Be3 Rb8 26. Qd4 Bf8 27. Nb6 Bc6 28. Nd5 Bxd5 29. Qxd5 Nxf3 30. Kxf3 Qd7 31. Kg3 Rb5 32. Rxf7 Qxf7 33. Qxb5 d5 34. Rf1 Qe6 35. Qd3 Bd6+ 36. Bf4 dxe4 37. Qc4 Qxc4 38. bxc4 Rf8 39. Rf2 Rxf4 40. Rxf4 e3 41. c5 Bxf4+ 42. Kxf4 e2 43. c6 e1=Q 0-1


[Site "https://www.chess.com"]

[Event "Titled Tuesday Blitz May 4 2021"]
[White "Garcia Garcia, Alejandro"]
[Black "Qi, Henry"]
[WhiteFideId "3516334"]
[BlackFideId "2073188"]
[WhiteElo "2131"]
[BlackElo "2080"]
[Result "1-0"]
[Round "01"]
[TimeControl "180+1"]
[Date "2021.05.04"]
[WhiteClock "0:01:04"]
[BlackClock "0:00:21"]

1. d4 g6 2. g3 Bg7 3. Bg2 d6 4. c4 Nc6 5. Nf3 Bg4 6. d5 Bxf3 7. exf3 Ne5 8. Qe2 Nf6 9. O-O O-O 10. Nc3 c6 11. dxc6 Nxc6 12. b3 Qa5 13. Bb2 d5 14. cxd5 Nxd5 15. Nxd5 Qxd5 16. Rfd1 Qa5 17. Rd7 Rfd8 18. Rxd8+ Rxd8 19. Bxg7 Kxg7 20. f4 Qc3 21. Rd1 Rxd1+ 22. Qxd1 b6 23. Bxc6 Qxc6 24. Qd4+ Qf6 25. Qa4 Qa1+ 26. Kg2 Kf6 27. Qxa7 Qd4 28. Qb7 Qc5 29. Qe4 Kg7 30. Qe5+ Qxe5 31. fxe5 Kh6 32. f4 Kh5 33. h3 f6 34. Kf3 fxe5 35. fxe5 Kg5 36. Ke4 e6 37. a4 1-0


[Site "https://www.chess.com"]

[Event "Titled Tuesday Blitz May 4 2021"]
[White "Gedgafov, Chamal"]
[Black "Gurevich, Dmitry"]
[WhiteFideId "34130621"]
[BlackFideId "2000407"]
[WhiteElo "2005"]
[BlackElo "2506"]
[Result "0-1"]
[Round "01"]
[TimeControl "180+1"]
[Date "2021.05.04"]
[WhiteClock "0:00:16"]
[BlackClock "0:00:11"]

1. d4 Nf6 2. c4 a6 3. Nc3 c5 4. d5 b5 5. cxb5 axb5 6. Nxb5 Qa5+ 7. Nc3 Bb7 8. Nf3 Bxd5 9. e3 Bc6 10. Be2 g6 11. O-O Bg7 12. Ne5 O-O 13. f3 Bb7 14. e4 d6 15. Nc4 Qc7 16. Bg5 Nbd7 17. Qd2 Nb6 18. Bh6 Ba6 19. b3 Bxc4 20. Bxc4 Nxc4 21. bxc4 Rfb8 22. Bxg7 Kxg7 23. Nb5 Qa5 24. Qb2 Qb4 25. Qc2 Ra4 26. Rfc1 Rba8 27. a3 Qa5 28. Qb2 Kg8 29. Qc3 Qxc3 30. Rxc3 Nd7 31. Kf2 R8a5 32. Ke3 Ne5 33. Rac1 Nxc4+ 34. Rxc4 Rxc4 35. Rxc4 Rxb5 36. Ra4 Rb2 37. g3 Rxh2 38. Ra7 Kf8 39. a4 Ra2 40. a5 g5 41. g4 Ra3+ 42. Ke2 h6 43. a6 c4 44. Ra8+ Kg7 45. a7 Kf6 46. Rc8 Rxa7 47. Rxc4 Ke5 48. Rc2 Kf4 49. Rb2 Ra3 50. Rb5 Ra2+ 51. Kd3 Kxf3 52. Rf5+ Kxg4 53. Rxf7 h5 54. Rxe7 h4 55. Re6 Ra6 56. e5 Ra3+ 57. Ke4 dxe5 58. Rxe5 h3 59. Re8 h2 60. Rh8 Rh3 0-1


[Site "https://www.chess.com"]

[Event "Titled Tuesday Blitz May 4 2021"]
[White "Golsta, Madara"]
[Black "Vovk, Orest"]
[WhiteFideId "11607386"]
[BlackFideId "14113490"]
[WhiteElo "1880"]
[BlackElo "2203"]
[Result "0-1"]
[Round "01"]
[TimeControl "180+1"]
[Date "2021.05.04"]
[WhiteClock "0:01:29"]
[BlackClock "0:02:33"]

1. e4 Nc6 2. Nf3 d5 3. exd5 Qxd5 4. Nc3 Qa5 5. Bc4 Bg4 6. O-O O-O-O 7. d3 Nd4 8. Bf4 Qh5 9. Ne4 Nxf3+ 10. gxf3 Bxf3 0-1


[Site "https://www.chess.com"]

[Event "Titled Tuesday Blitz May 4 2021"]
[White "Goltsev, Dmitry"]
[Black "DieHardCuban"]
[WhiteFideId "24176710"]
[WhiteElo "2383"]
[BlackElo "2432"]
[Result "1-0"]
[Round "01"]
[TimeControl "180+1"]
[Date "2021.05.04"]
[WhiteClock "0:00:03"]
[BlackClock "0:00:02"]

1. e4 c5 2. Nf3 d6 3. d4 cxd4 4. Nxd4 Nf6 5. Nc3 a6 6. Be2 e5 7. Nb3 Be7 8. a4 Nc6 9. O-O O-O 10. f4 exf4 11. Bxf4 Be6 12. Be3 d5 13. exd5 Nxd5 14. Nxd5 Qxd5 15. Bf3 Qc4 16. Nd2 Qb4 17. b3 Rad8 18. Qe2 Nd4 19. Qd1 Qc3 20. Re1 Nxc2 21. Rc1 Nxe3 22. Rxc3 Nxd1 23. Rxd1 Bb4 24. Rc2 Bf5 25. Rb2 Bc3 26. Ra2 Rd3 27. Nc4 Rfd8 28. Rxd3 Rxd3 29. Kf2 Bd4+ 30. Ke2 Rxb3 31. Na5 Re3+ 32. Kd2 g5 33. Bxb7 Re5 34. Nc6 Be3+ 35. Ke1 Re6 36. Bc8 Rxc6 37. Bxf5 Rc5 38. Bd3 Kg7 39. Bxa6 Rc1+ 40. Ke2 Ba7 41. Bb5 Rh1 42. h3 Rh2 43. Kf3 g4+ 44. Kxg4 Rh1 45. Re2 Rf1 46. Re7 Bd4 47. Bc4 Bc3 48. Bd5 Rf6 49. Bf3 Kg6 50. Re4 Rf4+ 51. Rxf4 1-0


[Site "https://www.chess.com"]

[Event "Titled Tuesday Blitz May 4 2021"]
[White "Golubev, Mikhail"]
[Black "Ismayil, Malak"]
[WhiteFideId "14100983"]
[BlackFideId "13412604"]
[WhiteElo "2374"]
[BlackElo "1879"]
[Result "1-0"]
[Round "01"]
[TimeControl "180+1"]
[Date "2021.05.04"]
[WhiteClock "0:00:05"]
[BlackClock "0:00:03"]

1. e4 e5 2. Nf3 Nc6 3. Bb5 Bc5 4. c3 d6 5. d4 exd4 6. cxd4 Bb4+ 7. Bd2 Bxd2+ 8. Nbxd2 Bd7 9. O-O Nge7 10. Rc1 O-O 11. Re1 Bg4 12. Qb3 Rb8 13. Qc3 d5 14. e5 a6 15. Ba4 Rc8 16. h3 Bxf3 17. Nxf3 f6 18. Rcd1 fxe5 19. dxe5 Qe8 20. Bxc6 bxc6 21. e6 Rf6 22. Re2 Nf5 23. Rde1 Nd6 24. Nd4 Nb5 25. Nxb5 cxb5 26. e7 c5 27. Qe5 d4 28. Qd5+ Kh8 29. Re4 Rf7 30. Qxf7 Qxf7 31. e8=Q+ Rxe8 32. Rxe8+ Qxe8 33. Rxe8# 1-0


[Site "https://www.chess.com"]

[Event "Titled Tuesday Blitz May 4 2021"]
[White "Grieve, Harry"]
[Black "Lysenko, Volodymyr"]
[WhiteFideId "426520"]
[BlackFideId "14175770"]
[WhiteElo "2191"]
[BlackElo "1957"]
[Result "1/2-1/2"]
[Round "01"]
[TimeControl "180+1"]
[Date "2021.05.04"]
[WhiteClock "0:00:16"]
[BlackClock "0:00:18"]

1. e4 e6 2. d4 d5 3. Nd2 c5 4. exd5 Qxd5 5. Ngf3 cxd4 6. Bc4 Qd6 7. O-O Nf6 8. Nb3 Nc6 9. Nbxd4 Nxd4 10. Nxd4 Be7 11. Nb5 Qc6 12. b3 a6 13. Nd4 Qc7 14. Re1 O-O 15. Bb2 b5 16. Bd3 Re8 17. Qf3 Bb7 18. Qh3 h6 19. Re3 Nd5 20. Rg3 Bf6 21. Qxh6 Qf4 22. Qh7+ Kf8 23. Ne2 Qh6 24. Qxh6 gxh6 25. Bxf6 Nxf6 26. Re1 Rad8 27. Nf4 Nd5 28. Nxd5 Bxd5 29. Rg4 Ke7 30. a4 bxa4 31. Rxa4 Rd6 32. Rxa6 Rxa6 33. Bxa6 Ra8 34. Bd3 Rg8 35. Be4 Kd6 36. Bxd5 Kxd5 37. Rd1+ Kc5 38. g3 Kb4 39. Rd4+ Kc3 40. Rc4+ Kd2 41. b4 Rb8 42. Kg2 e5 43. Kf3 f5 44. c3 h5 45. Rc5 e4+ 46. Kf4 Kd3 47. b5 h4 48. gxh4 Rh8 49. b6 Rxh4+ 50. Kxf5 Rh5+ 51. Ke6 Rxc5 52. Kd6 Rxc3 53. h4 Ke2 54. h5 Kxf2 55. b7 Rb3 56. Kc7 e3 57. h6 Rxb7+ 58. Kxb7 e2 59. h7 e1=Q 60. h8=Q Qe3 61. Qf6+ Qf3+ 62. Qxf3+ Kxf3 1/2-1/2


[Site "https://www.chess.com"]

[Event "Titled Tuesday Blitz May 4 2021"]
[White "Grigoryan, Meri"]
[Black "Lewtak, Damian"]
[WhiteFideId "13300571"]
[BlackFideId "1141724"]
[WhiteElo "2007"]
[BlackElo "2291"]
[Result "0-1"]
[Round "01"]
[TimeControl "180+1"]
[Date "2021.05.04"]
[WhiteClock "0:00:01"]
[BlackClock "0:00:12"]

1. d4 d5 2. c4 c6 3. cxd5 cxd5 4. Nc3 Nf6 5. Nf3 Nc6 6. Bf4 a6 7. e3 Bf5 8. Bd3 Bxd3 9. Qxd3 e6 10. a3 Be7 11. O-O O-O 12. Ne5 Rc8 13. Rac1 Nxe5 14. Bxe5 Nd7 15. Bg3 Nb6 16. Ne2 Qd7 17. Rc3 Rxc3 18. Qxc3 Rc8 19. Qb3 Nc4 20. Rc1 b5 21. Rc3 Nd2 22. Rxc8+ Qxc8 23. Qc3 Qxc3 24. Nxc3 Nc4 25. Nd1 Kf8 26. Kf1 Ke8 27. Ke2 Kd7 28. Kd3 a5 29. f3 f5 30. Be1 Kc6 31. b3 Nxa3 32. Bxa5 b4 33. Nb2 Nb5 34. Na4 Kb7 35. Bb6 Kc6 36. Bc5 Bf6 37. Bxb4 f4 38. Bc5 fxe3 39. Kxe3 h5 40. Ba7 Be7 41. Kd3 Bd6 42. Nc5 Nxa7 43. Nxe6 g6 44. g3 Kd7 45. Ng5 Nc6 46. Nh3 Ke6 47. Nf2 Kf5 48. Nd1 Bb4 49. Ne3+ Ke6 50. h3 Ba5 51. g4 Bb6 52. gxh5 gxh5 53. Ng2 Bc7 54. Ne3 Bf4 55. Nc2 Kf5 56. b4 Na7 57. Na3 Bd6 0-1


[Site "https://www.chess.com"]